Map: Dusk Towers

Players

deaconfrost

  • Race: Terran Terran
  • League: Platinum

capac - Winner!

  • Race: Terran Terran
  • League: Gold

VOD

Have the link to the VOD?

Description

Time

  • Played on: March 3, 2016, 12:12 p.m.
  • Length: 7:02
Show
View Real Time Build Order
Export as new Build Order

deaconfrost Terran 

Build Orders:  

Get SALT Encoding   

  12  0:01  SCV  
  13  0:13  SCV  
  14  0:19  Supply Depot  
  14  0:25  SCV  
  15  0:40  SCV  
  16  0:43  Refinery  
  16  0:44  Barracks  
  16  0:52  SCV  
  17  1:04  SCV  
  18  1:12  Refinery  
  18  1:16  SCV  
  19  1:29  SCV  
  20  1:33  Supply Depot  
  20  1:41  Orbital Command  
  20  1:45  Factory, Marine  
  21  2:03  Marine  
  21  2:08  SCV  
  23  2:15  Barracks  
  23  2:20  SCV  
  24  2:29  Factory Reactor  
  24  2:33  Starport  
  24  2:35  Barracks Tech Lab  
  24  2:38  Barracks, SCV  
  27  2:58  Marauder  
  27  3:01  Stimpack  
  27  3:02  SCV  
  28  3:08  Barracks Tech Lab  
  28  3:15  Factory Tech Lab, SCV  
  28  3:16  Supply Depot  
  29  3:20  Medivac  
  31  3:38  Marauder, SCV, Medivac  
  36  3:43  Supply Depot  
  36  3:44  Marauder  
  36  3:46  Factory Reactor  
  38  3:59  Supply Depot  
  38  4:04  Medivac  
  38  4:05  Marauder  
  44  4:10  Marauder  
  44  4:14  Marauder  
  46  4:26  Marauder  
  48  4:33  Supply Depot, Marauder  
  48  4:35  Marauder  
  52  4:48  Marauder  
  54  4:57  Marauder  
  56  5:00  Marauder  
  58  5:09  Marauder  
  60  5:16  Viking  
  62  5:45  Command Center  
  62  5:46  Supply Depot  
  62  6:07  Marauder x2  
  54  6:28  Marauder  
Show
View Real Time Build Order
Export as new Build Order

capac Terran - Winner!

Build Orders:  

Get SALT Encoding   

  12  0:01  SCV  
  13  0:13  SCV  
  14  0:17  Supply Depot  
  14  0:25  SCV  
  15  0:39  SCV  
  15  0:41  Barracks  
  16  0:51  SCV  
  16  0:55  Refinery  
  17  1:03  SCV  
  18  1:15  SCV  
  19  1:27  SCV  
  20  1:36  Command Center  
  20  1:39  Barracks Reactor  
  20  1:43  SCV  
  21  1:47  Supply Depot  
  21  1:56  SCV  
  22  2:08  SCV  
  23  2:19  Factory  
  23  2:23  Marine x2  
  23  2:26  Barracks  
  24  2:30  Orbital Command  
  24  2:38  Refinery  
  24  2:42  Marine  
  24  2:43  Marine  
  26  2:54  Orbital Command  
  26  3:01  SCV  
  26  3:02  Marine  
  28  3:07  Factory Tech Lab  
  28  3:13  SCV  
  29  3:21  SCV  
  29  3:22  Marine x2  
  29  3:23  Marine  
  29  3:25  SCV  
  34  3:28  Starport  
  34  3:35  Siege Tank  
  34  3:39  Refinery  
  37  3:42  SCV x2  
  37  3:45  Supply Depot  
  37  3:48  Barracks Tech Lab  
  39  3:50  Marine  
  39  3:51  Marine  
  41  3:56  SCV  
  41  3:57  SCV  
  43  4:08  Starport Reactor  
  43  4:12  SCV x2  
  43  4:15  Marine x3  
  43  4:16  Supply Depot  
  48  4:24  Siege Tank, SCV x2  
  53  4:38  Marine x2, SCV  
  54  4:39  Engineering Bay, Marine  
  54  4:40  SCV  
  58  4:46  Supply Depot  
  58  4:50  Medivac  
  60  4:53  Medivac  
  60  4:56  Stimpack  
  62  5:02  Refinery  
  62  5:08  SCV x2  
  62  5:09  Supply Depot  
  64  5:15  Marine x3, Missile Turret  
  64  5:20  SCV x2  
  69  5:32  Siege Tank  
  69  5:33  Viking  
  69  5:34  Viking  
  69  5:35  Marine x2  
  78  5:40  Supply Depot  
  78  5:43  Marine  
Tags
 
Add a new tag
Caveats
  • Supply blocks, unpowered buildings, or Contaminate may cause inaccurate times.
  • Supply counts are checked every 10 seconds.